 Dungeon Crawl Stone Soup version 0.24-a0-536-gdd4cf15266 (webtiles) character file.

Game seed: 14598470892438082710

921 Mithandil the Shield-Bearer (level 7, -1/61 HPs)
             Began as a Minotaur Fighter on Aug 11, 2019.
             Slain by a worker ant (2 damage)
             ... on level 6 of the Dungeon.
             The game lasted 00:23:43 (4856 turns).

Mithandil the Shield-Bearer (Minotaur Fighter)      Turns: 4856, Time: 00:23:44

Health: -1/61      AC:  6    Str: 21      XL:     7   Next: 84%
Magic:  6/6        EV:  7    Int:  4 (5)  God:
Gold:   166        SH: 10    Dex:  9 (11) Spells: 6/6 levels left

rFire    . . .     SeeInvis .   a - +0 war axe
rCold    . . .     Gourm    .   c - +1 shield
rNeg     . . .     Faith    .   e - +0 scale mail
rPois    .         Spirit   .   (helmet restricted)
rElec    .         Reflect  .   (no cloak)
rCorr    .         Harm     .   (no gloves)
MR       .....                  (no boots)
Stlth    ..........             (no amulet)
HPRegen  0.20/turn              (no ring)
MPRegen  0.10/turn              (no ring)

@: lethally poisoned (-1 -> -8), heavily drained
A: retaliatory headbutt, horns 2
a: no special abilities


You were on level 6 of the Dungeon.
You were not hungry.

You visited 1 branch of the dungeon, and saw 6 of its levels.
You also visited: Ossuary.

You collected 299 gold pieces.
You spent 133 gold pieces at shops.

Inventory:

Hand Weapons
 a - a +0 war axe (weapon)
 b - a +0 spear
 s - a +0 falchion
 t - a +1 flail of draining
 w - a +0 whip of electrocution
 y - a cursed +3 scimitar
 z - a cursed +5 falchion
Missiles
 k - 25 poisoned darts
 l - 66 bolts
 o - 4 boomerangs of dispersal (quivered)
 v - 37 sling bullets
Armour
 c - a +1 shield (worn)
 e - a +0 scale mail (worn)
 i - a +0 large shield
Wands
 p - a wand of clouds (9)
Scrolls
 g - 4 scrolls of remove curse
 h - 3 scrolls of identify
 n - 3 scrolls of teleportation
 r - 3 scrolls of fear
Potions
 d - a potion of might
 j - 2 potions of cancellation
 m - 2 potions of haste
 q - 2 potions of berserk rage
 u - a potion of curing
 x - a potion of flight
Comestibles
 f - 5 rations
 A - 2 chunks of flesh


   Skills:
 + Level 5.2(2.4) Fighting
 * Level 5.8(3.5) Axes
 - Level 4.1(2.8) Polearms
 + Level 5.0(2.2) Armour
 + Level 3.0(0.3) Dodging
 * Level 6.4(3.5) Shields


You had 6 spell levels left.
You didn't know any spells.
Your spell library contained the following spells:

 Spells                   Type           Power        Failure   Level  Hunger
 Animate Skeleton         Necr           N/A          100%        1    ##.....
 Apportation              Tloc           #.....       100%        1    ##.....
 Confusing Touch          Hex            #.....       100%        1    ##.....
 Summon Small Mammal      Summ           #...         100%        1    ##.....


Dungeon Overview and Level Annotations

Branches:
Dungeon (6/15)
 Temple: D:4-7

Altars:
Cheibriados
Dithmenos
Fedhas
Vehumet

Shops:
D:4 **

Annotations:
D:1 exclusion: downstairs
D:2 Sigmund


Innate Abilities, Weirdness & Mutations

You reflexively headbutt those who attack you in melee.
You have a pair of horns on your head.


Message History

An orc wizard comes into view. It is wielding a +0 club.
The orc wizard shouts!
You hit the worker ant.
You headbutt the worker ant, but do no damage.
The worker ant is almost dead.
You slash the worker ant! The worker ant bites you.
* * * LOW HITPOINT WARNING * * *
You are lethally poisoned!
The worker ant poisons you!
The worker ant bites you but does no damage. x2
The worker ant bites you.
* * * LOW HITPOINT WARNING * * *
You are more poisoned.
The worker ant poisons you!
* * * LOW HITPOINT WARNING * * *
You feel sick.
* * * LOW HITPOINT WARNING * * *
You feel sick. You block the worker ant's attack. The worker ant bites you.
You die...

.. ........$....... ...
#..............
....##..#$..o...#
....#...##o†...#
..........#.....##
............†....#
#...........#....#
#........aa.#.......
#.......@..........
#####..................
.......................
...........#.#.........
.........####......#..
.....<...#####.#..#
.#####........## ###.#
........^......#
#...<......##


You could see 2 worker ants, an orc wizard and an orc.

Vanquished Creatures
  Menkaure (Ossuary)
  Edmund (D:4)
  3 wights (D:5)
  A howler monkey (D:6)
  A bullfrog zombie (D:3)
  2 orc priests (D:4)
  An orc wizard (D:3)
  4 worker ants
  4 mummies
  3 hound skeletons
  10 adders
  A worm (D:4)
  7 dart slugs
  2 leopard geckos
  9 orcs
  A ball python (D:2)
  6 bats
  3 giant cockroaches
  2 gnoll zombies (Ossuary)
  8 goblins
  4 hobgoblins
  12 jackals
  2 quokkas (D:3)
  A ball python skeleton (D:4)
  4 frilled lizards
  A giant cockroach zombie (D:5)
  4 gnoll skeletons (Ossuary)
  6 goblin skeletons (Ossuary)
  7 goblin zombies (Ossuary)
  5 hobgoblin skeletons (Ossuary)
  6 hobgoblin zombies
  3 kobolds
  4 kobold skeletons (Ossuary)
  3 kobold zombies
  A leopard gecko skeleton (D:5)
  2 orc skeletons (Ossuary)
  5 orc zombies (Ossuary)
  A quokka skeleton (D:2)
  A rat (D:3)
  3 rat skeletons (Ossuary)
  3 rat zombies (Ossuary)
148 creatures vanquished.

Vanquished Creatures (others)
  A kobold zombie (Ossuary)
  An orc skeleton (Ossuary)
2 creatures vanquished.

Grand Total: 150 creatures vanquished

Notes
Turn   | Place    | Note
-------+----------+-------------------------------------------
     0 | D:1      | Mithandil the Minotaur Fighter began the quest for the Orb.
     0 | D:1      | Reached XP level 1. HP: 19/19 MP: 0/0
   212 | D:1      | Reached XP level 2. HP: 24/27 MP: 1/1
   314 | D:2      | Noticed Sigmund
   336 | D:1      | Reached skill level 4 in Shields
   890 | D:2      | Reached XP level 3. HP: 33/33 MP: 2/2
   897 | D:2      | Reached skill level 1 in Polearms
   934 | D:2      | Reached skill level 1 in Dodging
   964 | D:2      | Reached XP level 4. HP: 36/40 MP: 3/3
  1062 | D:3      | Found a snail-covered altar of Cheibriados.
  1446 | D:3      | Reached XP level 5. HP: 46/46 MP: 4/4
  1494 | D:4      | Found Leunag's General Store.
  1511 | D:4      | Bought 4 boomerangs of dispersal for 84 gold pieces
  1538 | D:4      | Found Jiuts's General Store.
  1546 | D:4      | Bought a scroll of magic mapping for 49 gold pieces
  1596 | D:4      | Found a shadowy altar of Dithmenos.
  1605 | D:4      | Reached skill level 5 in Shields
  1787 | D:4      | Found a sand-covered staircase.
  1790 | D:4      | Reached XP level 6. HP: 31/53 MP: 5/5
  1794 | Ossuary  | Entered an ossuary
  2191 | Ossuary  | Noticed Menkaure
  2201 | Ossuary  | Killed Menkaure
  2539 | D:4      | Noticed Edmund
  2592 | D:3      | Found a blossoming altar of Fedhas.
  2819 | D:3      | Found a radiant altar of Vehumet.
  3054 | D:5      | Entered Level 5 of the Dungeon
  3173 | D:3      | Found a snail-covered altar of Cheibriados.
  3222 | D:4      | Reached XP level 7. HP: 60/60 MP: 6/6
  3302 | D:4      | Killed Edmund
  3302 | D:4      | Reached skill level 5 in Axes
  4126 | D:5      | Reached skill level 6 in Shields
  4164 | D:5      | Reached skill level 5 in Fighting
  4559 | D:5      | Reached skill level 5 in Armour
  4853 | D:6      | HP: 3/61 [worker ant (1)]
  4854 | D:6      | HP: 1/61 [poisoned by a worker ant]
  4856 | D:6      | Slain by a worker ant

Levels and vault maps discovered:
D:1:      dpeg_arrival_tiny_a, layout_loops_corners
D:2:      layout_basic, minmay_tetromino_i4, uniq_sigmund
D:3:      layout_basic, vehumet_crystals, lemuel_coloured_pillars_altar,
          fedhas_ov_isle_minmay, first_ration, kennysheep_pointless_box,
          grunt_ministairs_1, cheibriados_altar_1
D:4:      layout_basic, grunt_dithmenos_smoke_and_mirrors,
          nicolae_ossuary_entry_giza, serial_shops, shop,
          kennysheep_small_circle, uniq_edmund
D:5:      layout_loops_corners, lightli_temple_of_fire,
          minmay_temple_entry_glassed_door, chequers_serial_rivers_micro_b
D:6:      layout_cave_pools, ashenzari_altar_1, portal_sewer_entry_d

Skill      XL: |  1  2  3  4  5  6  7 |
---------------+----------------------+-----
Shields        | 4 5 6 |  6.4
Axes           | 3 4 5 |  5.8
Polearms       | 1 2 3 4 |  4.1
Dodging        | 1 2 3 |  3.0
Fighting       | 4 5 |  5.2
Armour         | 4 5 |  5.0

Action                   |  1- 3 |  4- 6 |  7- 9 || total
-------------------------+-------+-------+-------++-------
Melee: War axe           |    66 |   218 |    93 ||   377
       Headbutt          |     9 |    37 |    13 ||    59
  Use: Scroll            |     3 |     7 |       ||    10
       Potion            |     1 |     6 |     1 ||     8
  Eat: Chunk             |       |     4 |       ||     4
       Ration            |       |     2 |     1 ||     3
Armor: Scale mail        |    32 |    65 |    24 ||   121
Dodge: Dodged            |    27 |    54 |    29 ||   110
Block: Shield            |    40 |   104 |    23 ||   167
       Large shield      |       |       |    23 ||    23

Table legend:
 A = Non-vault XP
 B = Vault XP
 C = Vault XP percentage of total XP
 D = Non-vault monster count
 E = Vault monster count
 F = Vault count percentage of total count
                 A         B        C        D         E       F
            +---------+---------+-------+---------+---------+-------
      Total |     826 |     490 |  37.2 |      88 |      54 |  38.0
            +---------+---------+-------+---------+---------+-------
        D:1 |      27 |       0 |   0.0 |      11 |       0 |   0.0
        D:2 |      97 |       2 |   2.0 |      26 |       1 |   3.7
        D:3 |     133 |      13 |   8.9 |      20 |       1 |   4.8
        D:4 |     176 |     206 |  53.9 |      18 |       6 |  25.0
        D:5 |     294 |       0 |   0.0 |      10 |       0 |   0.0
        D:6 |      99 |       0 |   0.0 |       3 |       0 |   0.0
    Ossuary |       0 |     269 | 100.0 |       0 |      46 | 100.0
            +---------+---------+-------+---------+---------+-------
